 Dungeon Crawl Stone Soup version 0.14-a0-426-gb52781e (webtiles) character file.

1025 Leibowitz the Ducker (level 8, 0/48 HPs)
             Began as a Kobold Fighter on Oct 28, 2013.
             Slain by Edmund
             ... wielding a +3,+2 dire flail of draining
              (7 damage)
             ... on Level 5 of the Dungeon on Oct 29, 2013.
             The game lasted 00:28:19 (7587 turns).

Leibowitz the Ducker (Kobold Fighter)               Turns: 7587, Time: 00:28:19

HP   0/48        AC  5     Str 16      XL: 8   Next: 12%
MP   7/7         EV 13     Int  3 (6)  God:
Gold 231         SH  9     Dex 16      Spells:  0 memorised,  7 levels left

Res.Fire  : . . .   See Invis. : +   a - +0 short sword
Res.Cold  : . . .   Warding    : .   h - +2 leather armour
Life Prot.: . . .   Conserve   : .   c - +0 buckler
Res.Poison: +       Res.Corr.  : .   (no helmet)
Res.Elec. : .       Clarity    : .   (no cloak)
Sust.Abil.: . .     Spirit.Shd : .   (no gloves)
Res.Mut.  : .       Stasis     : .   (no boots)
Res.Rott. : .       Flight     : .   (no amulet)
Saprovore : + + .                    r - ring of see invisible {unknown}
                                     i - ring of poison resistance

@: very slightly contaminated, hasted, very heavily drained, very quick,
slightly resistant to hostile enchantments, unstealthy
A: disease resistance, carnivore 3, saprovore 2
a: no special abilities


You were on level 5 of the Dungeon.
You were very full.

You visited 1 branch of the dungeon, and saw 5 of its levels.
You also visited: Sewer.

You collected 211 gold pieces.

Inventory:

Hand weapons
 a - a +0,+0 short sword (weapon)
Missiles
 u - 8 needles of confusion
 z - 16 poisoned needles
Armour
 c - a +0 buckler (worn)
 h - a +2 leather armour (worn)
Magical devices
 m - a wand of flame (5)
Comestibles
 d - 3 meat rations
 D - a rotting chunk of bat flesh
 F - a chunk of rat flesh
Scrolls
 e - a scroll of enchant weapon I {unknown}
 f - a scroll of recharging {unknown}
 g - 2 scrolls of remove curse {unknown}
 l - 5 scrolls of identify {unknown}
 n - 4 scrolls of teleportation {unknown}
 p - 2 scrolls of curse armour {unknown}
 q - 2 scrolls of amnesia {unknown}
 t - a scroll of immolation {unknown}
 x - a scroll of curse weapon {unknown}
 y - a scroll of noise {unknown}
Jewellery
 i - a ring of poison resistance (left hand)
 j - an uncursed ring of sustenance
 k - an uncursed amulet of stasis
 r - a ring of see invisible (right hand) {unknown}
Potions
 o - 4 potions of heal wounds
 s - a potion of agility
 v - 4 potions of curing
 w - a potion of flight


   Skills:
 * Level 4.6(1.1) Fighting
 + Level 3.8(0.4) Short Blades
 + Level 3.4(0.0) Armour
 * Level 6.0(2.4) Dodging
 * Level 4.0(0.6) Stealth
 * Level 3.9(0.5) Shields


You had 7 spell levels left.
You didn't know any spells.

Dungeon Overview and Level Annotations

Branches:
Dungeon (5/27)
 Temple: D:4-7

Altars:

Shops:
D:4 =

Annotations:
D:3 Grinder
D:4 Crazy Yiuf
D:5 Edmund, Eustachio


Innate Abilities, Weirdness & Mutations

You recuperate from illness quickly.
You are small and have problems with some larger weapons.
You are carnivorous and can eat meat at any time.
You can eat rotten meat.


Message History

Edmund closely misses you.
You closely miss Edmund.
Edmund is moderately wounded.
You barely miss Edmund.
Edmund is moderately wounded.
You block Edmund's attack.
You hit Edmund.
Edmund is heavily wounded.
You hit Edmund but do no damage.
Edmund is heavily wounded.
Edmund barely misses you.
You barely miss Edmund.
Edmund is heavily wounded.
Edmund completely misses you.
You hit Edmund but do no damage.
Edmund is heavily wounded.
You hit Edmund but do no damage.
Edmund is heavily wounded.
Edmund hits you with a dire flail of draining!
You die...

#######.##...# #......#
#.##.... #.##...# #......#
#.###### ##.##5..#
#......###.# #.....###
#..........# ###.....#
###############
#.....%.#########....###...###
#.....)....@..................
#......##########.....##...###
####........5@@.(>....((......
####......##...#..(########
#......##...#...#
####...######...# ##### #...#
#####


You could see Edmund and a crimson imp.

Vanquished Creatures
  A big kobold (Sewer)
  An ogre (D:5)
  A phantom (D:4)
  An iron imp (D:4)
  A jelly (D:5)
  A scorpion (D:5)
  2 orc wizards (D:3)
  3 worker ants
  6 gnolls
  4 adders
  A giant mite (D:5)
  5 green rats
  4 worms
  An adder skeleton (D:4)
  18 grey rats
  3 giant geckos
  18 orcs
  5 goblins
  9 hobgoblins
  22 kobolds
  2 quokkas
  8 ball pythons
  11 bats
  5 giant cockroaches
  8 giant newts
  7 jackals
  15 rats
163 creatures vanquished.

Vanquished Creatures (others)
  2 orcs (D:3)
2 creatures vanquished.

Grand Total: 165 creatures vanquished

Notes
Turn   | Place    | Note
--------------------------------------------------------------
     0 | D:1      | Leibowitz, the Kobold Fighter, began the quest for the Orb.
     0 | D:1      | Reached XP level 1. HP: 14/14 MP: 0/0
   135 | D:1      | Reached XP level 2. HP: 17/19 MP: 1/1
   424 | D:1      | Reached skill level 1 in Dodging
   458 | D:1      | Reached XP level 3. HP: 12/24 MP: 2/2
  1242 | D:2      | Reached XP level 4. HP: 12/28 MP: 3/3
  1478 | D:2      | Reached skill level 1 in Stealth
  2598 | D:3      | Reached XP level 5. HP: 33/33 MP: 4/4
  2817 | D:3      | Gained mutation: You evolve. [potion of beneficial mutation]
  2818 | D:3      | Lost mutation: You evolve. [potion of cure mutation]
  2826 | D:3      | HP: 1/33 [orc wizard/puff of frost (6)]
  2837 | D:3      | Reached skill level 4 in Fighting
  3659 | D:4      | Noticed Grinder
  3729 | D:4      | Found Pepaed's Jewellery Boutique.
  3843 | D:4      | Noticed a phantom
  3921 | D:4      | Found a glowing drain.
  3959 | D:4      | Reached XP level 6. HP: 39/39 MP: 5/5
  3989 | Sewer    | Entered a sewer
  5528 | Sewer    | Reached XP level 7. HP: 31/43 MP: 6/6
  5976 | D:4      | Killed a phantom
  5976 | D:4      | Reached skill level 5 in Dodging
  6221 | D:4      | Noticed Crazy Yiuf
  6688 | D:5      | Entered Level 5 of the Dungeon
  6688 | D:5      | Noticed Eustachio
  6852 | D:4      | HP: 2/43 [worker ant (5)]
  7280 | D:5      | Reached XP level 8. HP: 41/48 MP: 7/7
  7406 | D:5      | Reached skill level 6 in Dodging
  7484 | D:5      | Noticed Edmund
  7587 | D:5      | Slain by Edmund

Action                   |  1- 3 |  4- 6 |  7- 9 || total
-------------------------+-------+-------+-------++-------
Melee: Short sword       |   141 |   557 |   318 ||  1016
Throw: Tomahawk          |       |    16 |    47 ||    63
Evoke: Wand              |       |       |     5 ||     5
  Use: Potion            |       |    14 |     5 ||    19
 Stab: Invisible         |       |     2 |       ||     2
       Sleeping          |       |     1 |     3 ||     4
